[Event "Late-Titled-Tuesday-Blitz-September-05-2023"]
[Site "Chess.com"]
[Date "2023.09.05"]
[Round "3"]
[White "rickywsb"]
[Black "PetrolulSah"]
[Result "1-0"]
[WhiteElo "2375"]
[BlackElo "2170"]
[TimeControl "180+1"]
[EndTime "14:28:11 PDT"]
[Termination "rickywsb won by resignation"]

1. d4 d5 2. Bf4 Nf6 3. e3 c5 4. Nd2 Nc6 5. c3 Qb6 6. Qb3 c4 7. Qc2 g6 8. e4 e5 9. dxe5 Ng4 10. Nh3 Ncxe5 11. exd5 Bf5 12. Qa4+ Bd7 13. Qc2 Bc5 14.
Nxc4 Nxc4 15. Bxc4 O-O 16. O-O Rfe8 17. b4 Bd6 18. Bd3 Ne5 19. Ng5 Rac8 20. a3 Nxd3 21. Bxd6 Ne5 22. Bc5 Qf6 23. Ne4 Qf5 24. Rae1 Nc4 25.
f3 b6 26. Bd4 Nxa3 27. Qb3 Nc4 28. Nf6+ Kf8 29. Nxe8 Rxe8 30. Rxe8+ Bxe8 31. Qxc4 Qc2 32. Re1 1-0

[Event "Late-Titled-Tuesday-Blitz-September-05-2023"]
[Site "Chess.com"]
[Date "2023.09.05"]
[Round "3"]
[White "FredddieCroderg"]
[Black "TheRigos"]
[Result "0-1"]
[WhiteElo "2301"]
[BlackElo "2527"]
[TimeControl "180+1"]
[EndTime "14:28:12 PDT"]
[Termination "TheRigos won on time"]

1. e4 f5 2. exf5 Nf6 3. d4 d5 4.
Bd3 c5 5. c3 c4 6. Bc2 e6 7.
fxe6 Bd6 8. Nf3 O-O 9. O-O Bxe6 10. Bg5 Qd7 11. Nbd2 Nc6 12. Bh4 Nh5 13. Re1 Bg4 14.
Bg3 Nf4 15. Qb1 h6 16. Ne5 Nxe5 17. dxe5 Bc5 18. h3 Bxh3 19. Bxf4 Qg4 20. Be4 dxe4 21.
Qxe4 Bxf2+ 22. Kh2 Rxf4 23. Qd5+ Kh8 24. Nf1 Bxg2 25.
Qxg2 Qh4+ 26. Qh3 Bg1+ 0-1

[Event "Late-Titled-Tuesday-Blitz-September-05-2023"]
[Site "Chess.com"]
[Date "2023.09.05"]
[Round "3"]
[White "JesseFebruary"]
[Black "Nekoo04"]
[Result "0-1"]
[WhiteElo "1944"]
[BlackElo "2316"]
[TimeControl "180+1"]
[EndTime "14:28:14 PDT"]
[Termination "Nekoo04 won by resignation"]

1. e4 c5 2. Nf3 d6 3. d4 cxd4 4. Nxd4 Nf6 5. Nc3 g6 6. Be2 Bg7 7. Be3 O-O 8. O-O Nc6 9. Nb3 Bd7 10. f4 Rc8 11. Qd2 a6 12. a4 Be6 13. f5 Bxb3 14.
cxb3 Ne5 15. Bh6 Qb6+ 16. Kh1 Qxb3 17. Bxg7 Kxg7 18. fxg6 fxg6 19. Ra3 Qb4 20. Bf3 Nxf3 21. gxf3 Rf7 22. Rg1 Rcf8 23. Raa1 Nh5 24. Qg5 Nf4 25. Rab1 Qc5 26. Rgf1 Qxg5 0-1

[Event "Late-Titled-Tuesday-Blitz-September-05-2023"]
[Site "Chess.com"]
[Date "2023.09.05"]
[Round "3"]
[White "kingofthenil"]
[Black "Bigfish1995"]
[Result "0-1"]
[WhiteElo "2772"]
[BlackElo "3081"]
[TimeControl "180+1"]
[EndTime "14:28:16 PDT"]
[Termination "Bigfish1995 won on time"]

1. e4 a6 2. d4 c6 3. Nf3 d5 4. e5 Bf5 5. Be2 e6 6. O-O h6 7. Nbd2 c5 8. c4 Nc6 9. cxd5 exd5 10.
a3 c4 11. Nxc4 dxc4 12. Bxc4 Rc8 13. Ba2 Na5 14. Re1 Bc2 15. Qe2 Nb3 16. e6 f6 17.
Nh4 Qd5 18. Bf4 Ne7 19. Rad1 g5 20. Qh5+ Kd8 21. Qf7 gxf4 22. Qxf6 Rg8 23. Qxf4 Rc7 24. g3 Bg7 25. Rd2 Rf8 26. Qe3 Bxd4 27. Bxb3 Bxe3 28. Rxd5+ Nxd5 0-1

[Event "Late-Titled-Tuesday-Blitz-September-05-2023"]
[Site "Chess.com"]
[Date "2023.09.05"]
[Round "3"]
[White "karinachess1"]
[Black "RamyresCoelho"]
[Result "1-0"]
[WhiteElo "2554"]
[BlackElo "2303"]
[TimeControl "180+1"]
[EndTime "14:28:16 PDT"]
[Termination "karinachess1 won by checkmate"]

1. c4 e5 2. Nc3 d6 3. d4 exd4 4. Qxd4 Nc6 5. Qd2 Nf6 6. b3 Be7 7. Bb2 O-O 8. g3 Bf5 9. Bg2 a5 10. Nh3 Qd7 11. Nf4 Ne5 12. O-O c6 13. a4 Rfe8 14. Rad1 Rad8 15. Rfe1 Kh8 16. Nd3 Ng6 17. e4 Bh3 18. f4 Bxg2 19. Qxg2 Qg4 20. h3 Qc8 21.
Nf2 Bf8 22. Kh2 Qc7 23. Qf3 b6 24. Ne2 d5 25. e5 Ne4 26. Nxe4 dxe4 27. Qxe4 Rxd1 28.
Rxd1 f6 29. e6 f5 30. Qxf5 Qe7 31. Rd2 Qxe6 32. Qxe6 Rxe6 33. f5 Ne5 34. fxe6 Nf3+ 35. Kg2 Nxd2 36. Nd4 c5 37. Nc6 Nxb3 38. Bc3 Nd4 39.
Bxd4 cxd4 40. e7 Bxe7 41. Nxe7 g6 42. Kf3 Kg7 43. Ke4 Kf7 44. Nd5 Ke6 45. Nxb6 d3 46. Kxd3 Kd6 47. Kd4 Kc6 48. c5 g5 49. Nc4 h5 50. Nxa5+ Kc7 51. Kd5 g4 52. hxg4 hxg4 53. Nc4 Kb7 54. c6+ Ka6 55. Kc5 Ka7 56. Kd6 Ka6 57.
c7 Ka7 58. Ne5 Kb6 59. c8=Q Ka7 60. Qc7+ Ka8 61. Qc6+ Ka7 62. Qb5 Ka8 63. Kc7 Ka7 64. Qb7# 1-0

[Event "Late-Titled-Tuesday-Blitz-September-05-2023"]
[Site "Chess.com"]
[Date "2023.09.05"]
[Round "3"]
[White "Malev212"]
[Black "NotFischer"]
[Result "0-1"]
[WhiteElo "2629"]
[BlackElo "2290"]
[TimeControl "180+1"]
[EndTime "14:28:18 PDT"]
[Termination "NotFischer won by resignation"]

1. e4 d5 2. exd5 Qxd5 3. Nc3 Qd6 4. d4 Nf6 5. Nf3 c6 6. Bc4 Bg4 7. O-O e6 8. h3 Bh5 9. Re1 Be7 10. Qd3 Bg6 11.
Qe2 O-O 12. Bg5 Nbd7 13. Rad1 Qc7 14. Nh4 Rfe8 15. Nxg6 hxg6 16. Qf3 Bb4 17. a3 Bd6 18. Ne4 Nxe4 19. Rxe4 b5 20. Ba2 Nf8 21. h4 Be7 22.
Bf4 Qd8 23. h5 gxh5 24. Qxh5 g6 25. Qh6 Bf6 26. Rd3 Bg7 27. Qh3 Qf6 28. g4 g5 29. Bd2 Qg6 30. Re2 Rad8 31. c3 c5 32. Qf3 cxd4 33. cxd4 Rxd4 34. Rxd4 Bxd4 35. Bb4 Rc8 36.
Qe4 Rc1+ 37. Kg2 Qxe4+ 38. Rxe4 Bxb2 0-1

[Event "Late-Titled-Tuesday-Blitz-September-05-2023"]
[Site "Chess.com"]
[Date "2023.09.05"]
[Round "3"]
[White "GMAkobianSTL"]
[Black "BillieKimbah"]
[Result "0-1"]
[WhiteElo "2737"]
[BlackElo "3046"]
[TimeControl "180+1"]
[EndTime "14:28:20 PDT"]
[Termination "BillieKimbah won on time"]

1. d4 d5 2. c4 e6 3. Nc3 Nf6 4. cxd5 exd5 5. Bg5 c6 6. e3 Bd6 7. Bd3 O-O 8. Nf3 Re8 9. O-O Bg4 10. h3 Bh5 11.
Be2 Nbd7 12. Nd2 Bxe2 13. Nxe2 Nf8 14. Bf4 Ne6 15. Bxd6 Qxd6 16. Qc2 g6 17. Rab1 a5 18. a3 a4 19. b4 axb3 20. Rxb3 b5 21. Rc1 Rec8 22.
Qc3 Nd7 23. Qb4 Qxb4 24. axb4 Nb6 25. Nf3 Nc4 26. Rc2 f6 27. Nc1 Ra1 28. Kh2 Rca8 29.
Nd3 R8a2 30. Rxa2 Rxa2 31. Kg1 Kf7 32. Nc5 g5 33. g4 Ng7 34. Rb1 h5 35. Kg2 Nxe3+ 36. Kg3 h4+ 0-1

[Event "Late-Titled-Tuesday-Blitz-September-05-2023"]
[Site "Chess.com"]
[Date "2023.09.05"]
[Round "3"]
[White "Triumphmate"]
[Black "jorquerino"]
[Result "1/2-1/2"]
[WhiteElo "2537"]
[BlackElo "2359"]
[TimeControl "180+1"]
[EndTime "14:28:22 PDT"]
[Termination "Game drawn - insufficient material"]

1. e4 d5 2. exd5 Qxd5 3. Nc3 Qa5 4. g3 Nf6 5. Bg2 Nc6 6. d3 Bd7 7. Ne2 O-O-O 8. Be3 Ng4 9. a3 Nxe3 10. fxe3 Qh5 11. Nf4 Qxd1+ 12. Rxd1 e6 13. O-O Ne7 14. e4 e5 15. Nfd5 Nxd5 16. Nxd5 Bc5+ 17. Kh1 f6 18. b4 Bd6 19. c4 c6 20. Ne3 h5 21. h4 Kc7 22. Kh2 Be6 23. Bh3 Bxh3 24. Kxh3 Rd7 25. Nf5 Rhd8 26. Rf3 Bf8 27. g4 hxg4+ 28. Kxg4 a5 29.
c5 axb4 30. axb4 Ra8 31. d4 exd4 32. Nxd4 Kc8 33. Rfd3 Ra4 34. Ne6 Rxd3 35. Rxd3 Be7 36. Rd4 g6 37. h5 gxh5+ 38. Kxh5 b6 39. cxb6 Rxb4 40. Rxb4 Bxb4 41. Kg6 Kb7 42. Kxf6 Kxb6 43. Nf4 Bc3+ 44. Ke7 Kb5 45. Kd6 c5 46. Kd5 Bh8 47. Ng6 Bg7 48. Ne7 c4 49. Nf5 c3 50.
Ne3 Kb4 51. e5 Bxe5 52. Kxe5 Kb3 53. Kd4 c2 54. Nxc2 1/2-1/2

[Event "Late-Titled-Tuesday-Blitz-September-05-2023"]
[Site "Chess.com"]
[Date "2023.09.05"]
[Round "3"]
[White "PotapovaM"]
[Black "frederiksvane"]
[Result "1/2-1/2"]
[WhiteElo "2668"]
[BlackElo "2925"]
[TimeControl "180+1"]
[EndTime "14:28:23 PDT"]
[Termination "Game drawn by repetition"]

1. e4 c5 2. Nf3 d6 3. Bb5+ Nc6 4.
O-O Bd7 5. Re1 Nf6 6. c3 a6 7. Bf1 Bg4 8. d4 Bxf3 9. gxf3 e6 10. d5 Ne7 11. c4 e5 12. f4 Ng6 13. f5 Ne7 14. f4 g6 15. fxe5 dxe5 16. Nc3 Nc8 17.
Qf3 Be7 18. Qg3 O-O 19. Bh6 Re8 20. Bh3 Nh5 21. Qf3 Nd6 22. b3 Bg5 23. Bxg5 Qxg5+ 24. Kh1 Qf4 25. Rf1 Qxf3+ 26. Rxf3 b5 27. Bf1 b4 28. Na4 Rac8 29. Re1 Nf4 30. f6 g5 31. h4 gxh4 32. Rxf4 exf4 33. e5 Nf5 34. Bh3 Ng3+ 35. Kg2 Rcd8 36.
Kf3 Nh5 37. Nxc5 Kh8 38. Re2 Ng3 39. Re1 Nh5 40. Re2 Ng3 41. Re1 Nh5 1/2-1/2

[Event "Late-Titled-Tuesday-Blitz-September-05-2023"]
[Site "Chess.com"]
[Date "2023.09.05"]
[Round "3"]
[White "Witik"]
[Black "Sina_Movahed"]
[Result "0-1"]
[WhiteElo "2678"]
[BlackElo "2981"]
[TimeControl "180+1"]
[EndTime "14:28:24 PDT"]
[Termination "Sina_Movahed won by resignation"]

1. d4 Nf6 2. Bf4 c5 3. e3 d5 4. c3 Nc6 5. Nd2 Bf5 6. Ngf3 e6 7.
Nh4 Bg6 8. Qb3 Qc8 9. Nxg6 hxg6 10. h3 Be7 11. Be2 O-O 12. O-O Qd7 13. Rad1 Bd6 14. dxc5 Bxf4 15. exf4 Qe7 16. Qa3 a5 17. Nf3 Ne4 18.
c4 Nb4 19. cxd5 exd5 20. Qe3 Rad8 21. Ne5 Qxc5 22. Qxc5 Nxc5 23. a3 Nc6 24. Nxc6 bxc6 25. Rc1 Ne6 26. g3 Rb8 27. Bg4 f5 28. Bd1 Nd4 29. b3 Rfe8 30. Rc3 Kf8 31. Kg2 Ke7 32.
h4 Kd6 33. h5 gxh5 34. Bxh5 Rh8 35. Bd1 Nb5 36. Re3 Rbe8 37. a4 Nd4 38. Rfe1 Re4 39.
f3 Rxe3 40. Rxe3 g6 41. Re1 c5 42. Re3 Rb8 43. g4 c4 44. bxc4 dxc4 45. Kg3 Rb1 0-1

[Event "Late-Titled-Tuesday-Blitz-September-05-2023"]
[Site "Chess.com"]
[Date "2023.09.05"]
[Round "3"]
[White "rdarruda"]
[Black "buenamor1972"]
[Result "1-0"]
[WhiteElo "2533"]
[BlackElo "2346"]
[TimeControl "180+1"]
[EndTime "14:28:25 PDT"]
[Termination "rdarruda won by resignation"]

1. Nf3 Nf6 2. d4 e6 3. Nc3 d5 4. Bg5 Be7 5. Bxf6 gxf6 6. e3 Nd7 7. Ne2 Nb6 8. c3 Bd7 9. Nf4 c6 10. Qc2 Qc7 11. O-O-O O-O-O 12. Kb1 Kb8 13. Rc1 e5 14. Nh5 Bg4 15. Ng3 e4 16. h3 Be6 17. Nh4 Qd7 18.
Ne2 f5 19. g3 Bxh4 20. gxh4 f6 21. Nf4 Bf7 22. Be2 Rdg8 23. Rhg1 Qe8 24. Rce1 Rxg1 25. Rxg1 Rg8 26. Qd1 Nc8 27. Rg3 Rxg3 28. fxg3 Nd6 29. g4 Qg8 30. Qg1 Qg7 31. Qg3 Kc7 32. g5 Kd7 33.
Bh5 Ne8 34. Bxf7 Qxf7 35. g6 hxg6 36. Nxg6 Nd6 37. h5 b6 38. h6 Kc7 39. Nh8 Qh5 40. Kc1 Qxh6 41. Qxd6+ Kxd6 42. Nf7+ 1-0

[Event "Late-Titled-Tuesday-Blitz-September-05-2023"]
[Site "Chess.com"]
[Date "2023.09.05"]
[Round "3"]
[White "CraiggoryC"]
[Black "Chessdemon2019"]
[Result "1-0"]
[WhiteElo "2237"]
[BlackElo "2381"]
[TimeControl "180+1"]
[EndTime "14:28:27 PDT"]
[Termination "CraiggoryC won by checkmate"]

1. e4 c5 2. Nf3 d6 3. d4 cxd4 4. Nxd4 Nf6 5. Nc3 a6 6. Be3 e5 7. Nb3 Be6 8. f3 Be7 9. Qd2 h5 10. Nd5 Nxd5 11. exd5 Bf5 12. Be2 Nd7 13. O-O O-O 14.
c4 Qc7 15. Na5 Bd8 16. b4 Nf6 17. Rac1 Re8 18. Bd1 Bd7 19. Bb3 b6 20. Nc6 Bxc6 21. dxc6 Qxc6 22. c5 bxc5 23. bxc5 d5 24. Bg5 d4 25.
Qd1 Rf8 26. f4 Ng4 27. Bxd8 Raxd8 28. fxe5 Ne3 29. Qxh5 Nxf1 30. Rxf1 g6 31. Qh6 d3 32. Rf6 Qxc5+ 33. Kf1 Qc1+ 34. Qxc1 d2 35. Qd1 Kg7 36. Rf2 Rfe8 37. Rxd2 Rxd2 38. Qxd2 Rxe5 39. Qd4 f6 40. Kf2 Rf5+ 41. Kg3 Kh6 42. Qh4+ Rh5 43. Qxf6 Rg5+ 44. Kf4 Rf5+ 45. Qxf5 gxf5 46. Kxf5 Kg7 47.
g4 Kh6 48. g5+ Kg7 49. h4 Kh7 50. h5 Kg7 51. h6+ Kh7 52. Kf6 Kh8 53. Kf7 Kh7 54. g6+ Kxh6 55. g7 Kg5 56. g8=Q+ Kf4 57. Qg6 Ke5 58. Qxa6 Kd4 59. Qc4+ Ke5 60. a4 Kf5 61. a5 Ke5 62. a6 Kd6 63. a7 Ke5 64. a8=Q Kf5 65. Qa5# 1-0

[Event "Late-Titled-Tuesday-Blitz-September-05-2023"]
[Site "Chess.com"]
[Date "2023.09.05"]
[Round "3"]
[White "colegiodemadrid"]
[Black "farzadbfd"]
[Result "1-0"]
[WhiteElo "2484"]
[BlackElo "2671"]
[TimeControl "180+1"]
[EndTime "14:28:29 PDT"]
[Termination "colegiodemadrid won by resignation"]

1. e4 e5 2. Nf3 Nc6 3. Bc4 Bc5 4.
d4 exd4 5. c3 Nf6 6. e5 d5 7.
Bb5 Ne4 8. cxd4 Bb6 9. O-O Bg4 10. Be3 O-O 11. Nc3 Ne7 12. Qc2 Nxc3 13. bxc3 Bxf3 14. gxf3 f5 15. f4 Rc8 16. Kh1 c5 17. Qd2 cxd4 18.
cxd4 Rc7 19. Rg1 Qc8 20. Qe2 Qe6 21. Rg5 Rfc8 22. Rag1 g6 23. h4 Kf7 24. h5 Rc2 25. Qf3 R8c3 26. Qh3 Kf8 27. hxg6 hxg6 28. Qh6+ Kf7 29.
Rh5 Bxd4 30. Qh7+ Kf8 31. Qh8+ Qg8 32. Qf6+ Qf7 33. Rh8+ Ng8 34. Bxd4 Qxf6 35. exf6 Rf3 36. Rxg6 Rxf4 37. Rhxg8+ Kf7 38. R8g7+ Ke6 39. f7+ Ke7 40. Bf6+ Kf8 41. Rh7 Rc1+ 42. Kg2 Rg4+ 43. Rxg4 fxg4 44. Bg5 Rc8 45. Bh6+ Ke7 1-0

[Event "Late-Titled-Tuesday-Blitz-September-05-2023"]
[Site "Chess.com"]
[Date "2023.09.05"]
[Round "3"]
[White "willyam13"]
[Black "Garmendiarov"]
[Result "0-1"]
[WhiteElo "2461"]
[BlackElo "2350"]
[TimeControl "180+1"]
[EndTime "14:28:29 PDT"]
[Termination "Garmendiarov won on time"]

1. e4 c5 2. Nf3 d6 3. d4 cxd4 4.
Nxd4 Nf6 5. Nc3 a6 6. h3 e5 7.
Nde2 h5 8. g3 Be6 9. Bg2 Be7 10.
O-O O-O 11. a4 Nbd7 12. b3 Rc8 13. Nd5 Nxd5 14. exd5 Bf5 15. c4 Nc5 16. Nc3 Bg5 17. Ba3 Bf6 18. Rc1 Re8 19. Re1 Nd3 20. Qxh5 g6 21.
Qe2 Nxc1 22. Rxc1 e4 23. Nxe4 Bxe4 24. Bxe4 Qe7 25. f3 Bd4+ 26. Kh1 f5 27. Qd2 Bc5 28. Bxc5 Rxc5 29. Bd3 Qe3 30. Qxe3 Rxe3 31. Bc2 a5 32. Rf1 Rc8 33. Kg1 Re2 34. Bd1 Rd2 35. Re1 Kf7 36. h4 Re8 37. Rf1 Re3 38. Kh1 Red3 0-1

[Event "Late-Titled-Tuesday-Blitz-September-05-2023"]
[Site "Chess.com"]
[Date "2023.09.05"]
[Round "3"]
[White "Sacbutt"]
[Black "maksimys18"]
[Result "0-1"]
[WhiteElo "2262"]
[BlackElo "2495"]
[TimeControl "180+1"]
[EndTime "14:28:33 PDT"]
[Termination "maksimys18 won on time"]

1. d4 e6 2. c4 d5 3. Nc3 Be7 4. Nf3 Nf6 5. Bg5 O-O 6. e3 h6 7. Bh4 c5 8. cxd5 Nxd5 9. Bxe7 Qxe7 10. Nxd5 exd5 11. Be2 Nc6 12. O-O cxd4 13. Nxd4 Be6 14. Bf3 Nxd4 15. Qxd4 Rfd8 16. Rac1 b6 17. Rfd1 Rd7 18.
h3 Rad8 19. Rd2 Rc7 20. Rdc2 Rdc8 21. Rxc7 Rxc7 22. Rxc7 Qxc7 23. a3 Qc1+ 24. Kh2 Qc6 25.
b3 Qd6+ 26. g3 Qxa3 27. Bxd5 Bxd5 28. Qxd5 Qe7 29. Qa8+ Kh7 30. Qd5 Qf6 31. Qe4+ g6 32. Kg2 a5 33. Qc4 Qe6 34. Qb5 h5 35. h4 Qd6 36. Kf3 Qf6+ 37. Ke2 Kg7 38. f4 Qe6 39. Kf3 Qg4+ 40. Kf2 Qe6 41. Kf3 f5 42. Ke2 Kf6 43. Kd3 Ke7 44. Qc4 Qd7+ 45. Kc3 b5 46. Qc5+ Kf7 47. Qe5 b4+ 48. Kc4 Qc6+ 49. Kd3 a4 50.
bxa4 b3 0-1

[Event "Late-Titled-Tuesday-Blitz-September-05-2023"]
[Site "Chess.com"]
[Date "2023.09.05"]
[Round "3"]
[White "Casablanca"]
[Black "Murad_Ibrahimli"]
[Result "0-1"]
[WhiteElo "2636"]
[BlackElo "2919"]
[TimeControl "180+1"]
[EndTime "14:28:35 PDT"]
[Termination "Murad_Ibrahimli won by resignation"]

1. d4 Nf6 2. c4 e6 3. Nc3 Bb4 4. e3 c5 5. Ne2 b6 6. a3 Ba5 7.
Rb1 Na6 8. g3 Bb7 9. d5 b5 10.
Bg2 bxc4 11. O-O Rb8 12. Qa4 O-O 13. Qxc4 e5 14. h3 d6 15. g4 Nc7 16. g5 Ba6 17.
Qh4 Bxc3 18. Nxc3 Bxf1 19. Bxf1 Nfxd5 20. Ne4 Ne7 21. Bd3 Ng6 22. Qh5 c4 23. Bc2 d5 24.
Ng3 d4 25. exd4 exd4 26. Be4 d3 27. Bd2 Re8 28. Bc3 Nd5 29. Bxg7 Kxg7 30. Qh6+ Kh8 31. Nh5 Rg8 32. Bxd5 Qf8 33. Qxf8 Rgxf8 34. Bxc4 Ne5 35. Bd5 Rfd8 36. Be4 d2 37. Bc2 Rbc8 38. Bd1 Rc1 39. Rxc1 dxc1=Q 0-1

[Event "Late-Titled-Tuesday-Blitz-September-05-2023"]
[Site "Chess.com"]
[Date "2023.09.05"]
[Round "3"]
[White "subham777"]
[Black "Jahonas"]
[Result "0-1"]
[WhiteElo "2536"]
[BlackElo "2390"]
[TimeControl "180+1"]
[EndTime "14:28:35 PDT"]
[Termination "Jahonas won on time"]

1. e4 e5 2. Nf3 Nf6 3. Nxe5 d6 4.
Nf3 Nxe4 5. d4 Nf6 6. Bd3 Be7 7. O-O O-O 8. c4 Bg4 9. h3 Bh5 10. Nc3 Nc6 11. Be2 d5 12. cxd5 Nxd5 13. Qb3 Nb6 14. Be3 Bf6 15. Rad1 Ne7 16. a4 Nbd5 17. Ne5 Nxc3 18.
Bxh5 Nxd1 19. Bxf7+ Kh8 20. Rxd1 c6 21. Bc4 Nd5 22.
Bc1 Bxe5 23. dxe5 Qb6 24. Bxd5 Qxf2+ 25. Kh1 cxd5 26. Qxd5 h6 27. e6 Rae8 28. Qd7 Qf6 29. Re1 Re7 30. Qd6 Rfe8 31. Bd2 Rxe6 32. Rxe6 Qxe6 33. Qc7 Qe7 34. Qc2 a6 35. Bc3 Qe4 36. Qf2 Kh7 37. Qf7 Qg6 38. Qxb7 Re2 39. Qf3 Qe4 0-1

[Event "Late-Titled-Tuesday-Blitz-September-05-2023"]
[Site "Chess.com"]
[Date "2023.09.05"]
[Round "3"]
[White "Tomytoteph"]
[Black "MITerryble"]
[Result "0-1"]
[WhiteElo "2635"]
[BlackElo "2917"]
[TimeControl "180+1"]
[EndTime "14:28:36 PDT"]
[Termination "MITerryble won by resignation"]

1. e4 e6 2. d4 d5 3. exd5 exd5 4.
Nf3 Nc6 5. Be2 Bd6 6. c4 Nf6 7. O-O O-O 8. Nc3 dxc4 9. Bxc4 Bg4 10. Be3 Na5 11. Be2 Re8 12. Rc1 a6 13. a3 b5 14.
h3 Bh5 15. b4 Nc4 16. Bxc4 bxc4 17. Qe2 a5 18. Qxc4 axb4 19. axb4 Bxf3 20. gxf3 Qd7 21. Kg2 Qf5 22. d5 Re7 23. Rfe1 Rae8 24. Bd2 Qg6+ 25. Kh1 Qf5 26. Kg2 Be5 27. Ne4 Nh5 28. Ng3 Bxg3 29. fxg3 Nf6 30. Rxe7 Rxe7 31. Re1 Rxe1 32. Bxe1 Nxd5 33.
Bf2 h5 34. b5 Qe6 35. h4 Ne3+ 0-1

[Event "Late-Titled-Tuesday-Blitz-September-05-2023"]
[Site "Chess.com"]
[Date "2023.09.05"]
[Round "3"]
[White "JackRodgers"]
[Black "kacprekt"]
[Result "1-0"]
[WhiteElo "2607"]
[BlackElo "2434"]
[TimeControl "180+1"]
[EndTime "14:28:37 PDT"]
[Termination "JackRodgers won by resignation"]

1. d4 d6 2. Bg5 h6 3. Bh4 Nd7 4. e4 Ngf6 5. Nd2 e5 6. c3 Be7 7. Bc4 c6 8. Bb3 Qc7 9. Ne2 Nf8 10.
O-O g5 11. Bg3 Ng6 12. f3 Kf8 13. Qc2 Nf4 14. Nxf4 gxf4 15. Bh4 Rg8 16. Kh1 Be6 17. Bxe6 fxe6 18. dxe5 dxe5 19. Rad1 Nh5 20. Bf2 Kf7 21. Nc4 Rg5 22. Bh4 Ng3+ 23. hxg3 Rh5 24. Kg1 fxg3 25. Bxg3 Bc5+ 26. Bf2 Qe7 27. b4 Bxf2+ 28. Kxf2 Rg8 29. Rh1 Qg5 30. g4 Rh4 31. Qd2 Qf6 32. Nxe5+ Kg7 33. Qd7+ Kh8 34. Nf7+ Kg7 35. Ng5+ Kg6 36. Rxh4 Qxg5 37. Rdh1 Rh8 38. Qxe6+ Kg7 39.
Rh5 Qd2+ 40. Kg3 Qe3 41. Rf5 1-0

[Event "Late-Titled-Tuesday-Blitz-September-05-2023"]
[Site "Chess.com"]
[Date "2023.09.05"]
[Round "3"]
[White "PapaieDudu"]
[Black "The_Straightforward_Rook"]
[Result "1-0"]
[WhiteElo "2302"]
[BlackElo "2489"]
[TimeControl "180+1"]
[EndTime "14:28:37 PDT"]
[Termination "PapaieDudu won by checkmate"]

1. e4 e5 2. f4 exf4 3. Nf3 Nf6 4. e5 Nh5 5. Bc4 d5 6. Be2 g5 7. a3 Nc6 8. d4 g4 9. O-O gxf3 10. Bxf3 Ng7 11. Bxf4 Bf5 12. Nc3 Be6 13. Qd2 Qd7 14. b4 O-O-O 15. Kh1 Nf5 16. Ne2 Nce7 17. g3 Kb8 18.
Rab1 h5 19. b5 Bh6 20. a4 Bxf4 21. Nxf4 Ng6 22. Nd3 h4 23. g4 Nh6 24. Nc5 Qc8 25.
h3 b6 26. Na6+ Kb7 27. c4 Nxg4 28. hxg4 Bxg4 29. Bxd5+ Rxd5 30. cxd5 Qd7 31. Qg2 h3 32.
Qe4 Rc8 33. d6+ c6 34. Nc5+ bxc5 35. bxc6+ Ka6 36. cxd7 Rd8 37. Qb7+ Ka5 38. Qb5# 1-0

[Event "Late-Titled-Tuesday-Blitz-September-05-2023"]
[Site "Chess.com"]
[Date "2023.09.05"]
[Round "3"]
[White "PabloZarnicki"]
[Black "Lennis93"]
[Result "0-1"]
[WhiteElo "2536"]
[BlackElo "2831"]
[TimeControl "180+1"]
[EndTime "14:28:40 PDT"]
[Termination "Lennis93 won on time"]

1. e4 c6 2. d4 d5 3. Nc3 dxe4 4.
Nxe4 Bf5 5. Ng3 Bg6 6. h4 h6 7. Nf3 Nd7 8. h5 Bh7 9. Bd3 Bxd3 10. Qxd3 e6 11. Bf4 Qa5+ 12. Bd2 Qc7 13. O-O-O Ngf6 14. Ne4 Rd8 15. g3 Nxe4 16. Qxe4 Nf6 17. Qe2 Be7 18. Kb1 b5 19. Bf4 Qa5 20. Ne5 Rc8 21. Rhe1 O-O 22. g4 Nd5 23. Bd2 b4 24. Qc4 c5 25. f4 cxd4 26.
Qxd4 Nc3+ 27. Bxc3 bxc3 28. b3 Qa3 29. Nd3 Rfd8 30. Qa4 Qxa4 31. bxa4 Rd4 32. f5 Rc6 33. fxe6 fxe6 34. Ne5 Rb6+ 35. Ka1 Rxa4 36. Re3 Rb2 0-1

[Event "Late-Titled-Tuesday-Blitz-September-05-2023"]
[Site "Chess.com"]
[Date "2023.09.05"]
[Round "3"]
[White "Nikachu"]
[Black "emeli_chess"]
[Result "0-1"]
[WhiteElo "2162"]
[BlackElo "2366"]
[TimeControl "180+1"]
[EndTime "14:28:41 PDT"]
[Termination "emeli_chess won on time"]

1. e4 c5 2. Nf3 d6 3. d4 cxd4 4. Nxd4 Nf6 5. Nc3 a6 6. Bc4 e6 7.
Bb3 Nbd7 8. g4 Nc5 9. f3 Be7 10. g5 Nfd7 11. Rg1 O-O 12. Be3 Qc7 13. Qe2 b5 14.
O-O-O b4 15. Na4 Nxb3+ 16. axb3 Nc5 17. Kb1 Bd7 18. Qc4 Rfc8 19. h4 Nxa4 20. Qxc7 Rxc7 21. bxa4 Bxa4 22. b3 Bd7 23. f4 a5 24. f5 a4 25. f6 Bf8 26. bxa4 Rxa4 27. h5 Rca7 28.
Nb3 R7a6 29. Bd4 Bc6 30. Rde1 Bb5 31. g6 fxg6 32. hxg6 h6 33. f7+ Kh8 34. Rh1 e5 35.
Bb2 Bc4 36. Re3 Be6 37. Nd2 Ra7 38. Nf3 Bxf7 39. gxf7 Rxf7 40. Nh4 Kh7 41. Nf5 Rf6 42. Rg3 Rg6 43. Rxg6 Kxg6 44. Rg1+ Kf7 45. Kc1 g5 46.
Ne3 Kg6 47. Rf1 Ra8 48. Nd5 h5 0-1

[Event "Late-Titled-Tuesday-Blitz-September-05-2023"]
[Site "Chess.com"]
[Date "2023.09.05"]
[Round "3"]
[White "jcmesafischer"]
[Black "lupta_robin"]
[Result "0-1"]
[WhiteElo "2442"]
[BlackElo "2613"]
[TimeControl "180+1"]
[EndTime "14:28:42 PDT"]
[Termination "lupta_robin won by resignation"]

1. Nf3 Nf6 2. d4 c6 3. g3 g6 4.
Bg2 Bg7 5. O-O O-O 6. c4 d6 7.
Nc3 Nbd7 8. e4 e5 9. d5 cxd5 10. cxd5 a6 11. a4 Nc5 12. Ne1 a5 13. Be3 Nfd7 14. Nd3 b6 15. Nb5 Ba6 16. Ra3 Bxb5 17. axb5 Nxd3 18. Qxd3 Nc5 19. Bxc5 bxc5 20. b3 Qb6 21.
Rfa1 f5 22. Bf1 fxe4 23. Qxe4 c4 24. bxc4 Qxf2+ 25. Kh1 Bh6 26. Bg2 Bd2 27. R3a2 Qe3 28. Qxe3 Bxe3 29. Rxa5 Rac8 30. R5a4 Rf2 31. Re1 Bc5 32.
Bh3 Rcf8 33. Raa1 Kg7 34. Rf1 e4 35. Rxf2 Rxf2 36. Rf1 Rc2 37. Re1 Rxc4 38. Bg4 e3 39. Bf3 Rb4 40. Re2 Rxb5 41. Kg2 Rb3 42. h4 Kf6 43. g4 Ke5 44. g5 Kf4 45. Re1 Rb2+ 46. Be2 Bb4 47. Rf1+ Ke4 0-1

[Event "Late-Titled-Tuesday-Blitz-September-05-2023"]
[Site "Chess.com"]
[Date "2023.09.05"]
[Round "3"]
[White "tgpgoat"]
[Black "MikeSailer"]
[Result "1-0"]
[WhiteElo "2511"]
[BlackElo "2178"]
[TimeControl "180+1"]
[EndTime "14:28:43 PDT"]
[Termination "tgpgoat won on time"]

1. Nf3 e6 2. e3 f5 3. c4 Nf6 4. Be2 Be7 5. d4 b6 6. O-O Bb7 7. Nc3 O-O 8. b3 Ne4 9. Bb2 d6 10. d5 Nxc3 11. Bxc3 e5 12. b4 Nd7 13. a4 a5 14. Nd2 axb4 15. Bxb4 e4 16. Nb3 Bf6 17. Ra2 Be5 18. Nd4 Rf6 19. g3 Nc5 20. a5 g6 21.
Bxc5 bxc5 22. Ne6 Qe7 23. a6 Rxa6 24. Rxa6 Bxa6 25. Qa4 Rxe6 26. dxe6 Bc8 27. Qa8 Qxe6 28. Rb1 Kg7 29. Rb8 Bd7 30. Qb7 d5 31. cxd5 Qf6 32.
Bb5 Bxb5 33. Qxb5 Bd6 34. Qd7+ Kh6 35. Re8 Kg5 36. Qd8 Qxd8 37. Rxd8 Kg4 38. Kg2 Kg5 39. Ra8 h5 40. Ra4 Kf6 41. f3 exf3+ 42. Kxf3 Ke5 43.
e4 fxe4+ 44. Rxe4+ Kxd5 45. Re2 c4 46. Ke3 Bc5+ 47.
Kd2 Bd4 48. Re7 1-0

[Event "Late-Titled-Tuesday-Blitz-September-05-2023"]
[Site "Chess.com"]
[Date "2023.09.05"]
[Round "3"]
[White "Sanan_Sjugirov"]
[Black "slidingknight2775"]
[Result "1-0"]
[WhiteElo "2895"]
[BlackElo "2594"]
[TimeControl "180+1"]
[EndTime "14:28:46 PDT"]
[Termination "Sanan_Sjugirov won by checkmate"]

1. Nf3 d5 2. e3 Nf6 3. b3 c5 4.
Bb2 e6 5. c4 Nc6 6. cxd5 exd5 7.
Be2 Bd6 8. d4 cxd4 9. Nxd4 O-O 10. O-O a6 11. Nd2 Nxd4 12. Bxd4 Bf5 13. Nf3 Be4 14. Bb2 Qe7 15. Rc1 Rac8 16. Qd4 h6 17. h3 Rfd8 18. Rfd1 Bb8 19. Ne5 Rxc1 20. Rxc1 Qd6 21.
Ng4 Ne8 22. Qe5 Qxe5 23. Nxe5 Nf6 24. Nf3 Ne8 25. Nd2 Bg6 26. Bf3 Ba7 27. b4 d4 28.
e4 d3 29. e5 Bd4 30. Bxd4 Rxd4 31. Rc8 Kf8 32. Bxb7 Rxb4 33. Bc6 Bf5 34. Rxe8# 1-0